 Dungeon Crawl Stone Soup version 0.22-a0-833-g8522bf8125 (console) character file.

151783 Lexodia the Wrestler (level 17, -1/170 HPs)
             Began as a Troll Fighter on July 24, 2018.
             Was the Champion of Kikubaaqudgha.
             Slain by a deep troll shaman (5 damage)
             ... while paralysed by a wizard
             ... on level 1 of the Depths on July 25, 2018.
             The game lasted 01:42:18 (22672 turns).

Lexodia the Wrestler (Troll Fighter)               Turns: 22672, Time: 01:42:20

Health: -1/170     AC: 13    Str: 33    XL:     17   Next: 1%
Magic:  16/16      EV:  1    Int:  4    God:    Kikubaaqudgha [******]
Gold:   496        SH:  0    Dex:  9    Spells: 16/16 levels left

rFire    + . .     SeeInvis +     - Unarmed
rCold    + . .     Gourm    +   b - +5 shield
rNeg     . . .     Faith    .   j - +0 acid dragon scales of Xaen {rCorr Slay+3 SInv} (curse)
rPois    +         Spirit   .   g - +2 hat {MR+}
rElec    +         Reflect  +   l - +1 cloak of Starlight {rElec rC+ EV+4 Stlth--}
rCorr    +         Harm     .   (gloves unavailable)
MR       ++...                  (boots unavailable)
Stlth    ..........             P - +4 amulet of reflection
HPRegen  0.78/turn              K - +3 ring of evasion
MPRegen  0.15/turn              H - ring of protection from fire

@: paralysed
A: large, unfitting armour, claws 3, fast metabolism 3, gourmand, mutation
resistance 1, poison resistance, regeneration 1, shaggy fur 1, tough skin 2
a: Receive Corpses, Torment, Brand Weapon With Pain, Receive Necronomicon,
Renounce Religion


You were on level 1 of the Depths.
You worshipped Kikubaaqudgha.
Kikubaaqudgha was exalted by your worship.
You were completely stuffed.

You visited 6 branches of the dungeon, and saw 26 of its levels.
You visited the Abyss 1 time.
You also visited: Sewer and Ice Cave.

You collected 2838 gold pieces.
You spent 2342 gold pieces at shops.

Inventory:

Armour
 a - a +0 robe
 b - a +5 shield (worn)
 g - a +2 hat of magic resistance (worn)
 j - the cursed +0 acid dragon scales of Xaen (worn) {rCorr Slay+3 SInv}
   (You bought it in a shop on level 2 of the Orcish Mines)

   It affects your accuracy and damage with ranged weapons and melee attacks
   (+3).
   It lets you see invisible.
   It provides partial protection from all sources of acid and corrosion.
   It has a curse placed upon it.
 l - the +1 cloak of Starlight (worn) {rElec rC+ EV+4 Stlth--}
   (You bought it in a shop on level 2 of the Orcish Mines)

   It affects your evasion (+4).
   It protects you from cold.
   It insulates you from electricity.
   It makes you much less stealthy.
 r - a +0 cloak
 y - a scarf of cloud immunity
 B - +5 steam dragon scales
 N - a +0 large shield
Jewellery
 c - an uncursed ring of resist corrosion
 k - an uncursed amulet of regeneration
 C - an uncursed ring of ice
 H - a ring of protection from fire (right claw)
 J - an uncursed ring of teleportation
 K - a +3 ring of evasion (left claw)
 M - an uncursed ring of ice
 P - a +4 amulet of reflection (around neck)
 Q - an uncursed ring of poison resistance
 T - an uncursed ring of protection from cold
 U - an uncursed ring of protection from cold
Wands
 o - a wand of paralysis (7)
 s - a wand of flame (24)
 x - a wand of digging (16)
 I - a wand of clouds (3)
 R - a wand of iceblast (6)
 S - a wand of scattershot (3)
 Y - a wand of enslavement (20)
Scrolls
 e - 8 scrolls of teleportation
 h - 10 scrolls of remove curse
 i - 3 scrolls of magic mapping
 n - 13 scrolls of identify
 t - 3 scrolls of enchant weapon
 z - 3 scrolls of amnesia
 D - 2 scrolls of enchant armour
 E - a scroll of holy word
 G - 2 scrolls of vulnerability
 O - a scroll of summoning
 V - a scroll of torment
 W - a scroll of fog
 X - 2 scrolls of blinking
Potions
 f - 4 potions of cancellation
 m - 2 potions of lignification
 p - 4 potions of flight
 q - 12 potions of curing
 v - a potion of mutation
 w - 8 potions of brilliance
 A - 3 potions of magic
 F - 2 potions of heal wounds
Miscellaneous
 L - 2 boxes of beasts
Comestibles
 d - 41 rations
 u - 5 chunks of flesh


   Skills:
 + Level 11.1 Fighting
 + Level 11.3 Dodging
 + Level 9.9 Shields
 * Level 21.2 Unarmed Combat


You had 16 spell levels left.
You didn't know any spells.
Your spell library contained the following spells:

 Spells                   Type           Power        Failure   Level  Hunger
 Magic Dart               Conj           #...         56%         1    ##.....
 Fireball                 Conj/Fire      #.........   100%        5    ######.
 Conjure Flame            Conj/Fire      #.......     90%         3    ####...
 Lightning Bolt           Conj/Air       #.........   100%        5    ######.
 Confuse                  Hex            #.......     90%         3    ####...
 Throw Flame              Conj/Fire      #.....       71%         2    ###....
 Summon Small Mammal      Summ           #...         56%         1    ##.....
 Iskenderun's Mystic Bla  Conj           #.......     100%        4    #####..
 Animate Dead             Necr           N/A          100%        4    #####..
 Pain                     Necr           #...         56%         1    ##.....
 Animate Skeleton         Necr           N/A          56%         1    ##.....
 Sticky Flame             Conj/Fire      #.......     100%        4    #####..
 Summon Ice Beast         Ice/Summ       #.......     100%        4    #####..
 Call Imp                 Summ           #.......     71%         2    ###....
 Dispel Undead            Necr           #.......     100%        5    ######.
 Regeneration             Chrm/Necr      #.........   90%         3    ####...
 Sublimation of Blood     Necr           #.........   71%         2    ###....
 Tukima's Dance           Hex            #.......     90%         3    ####...
 Corpse Rot               Necr           N/A          71%         2    ###....
 Stone Arrow              Conj/Erth      #.....       90%         3    ####...
 Swiftness                Chrm/Air       #.......     71%         2    ###....
 Agony                    Necr           #.......     100%        5    ######.
 Spider Form              Tmut/Pois      #.........   90%         3    ####...
 Blade Hands              Tmut           #.........   100%        5    ######.
 Ice Form                 Ice/Tmut       #.......     100%        4    #####..
 Death Channel            Necr           #.........   100%        6    #######
 Flame Tongue             Conj/Fire      #....        56%         1    ##.....
 Passwall                 Tmut/Erth      #.......     71%         2    ###....
 Sticks to Snakes         Tmut           #.......     71%         2    ###....
 Call Canine Familiar     Summ           #.......     90%         3    ####...
 Ensorcelled Hibernation  Hex/Ice        #.....       71%         2    ###....
 Corona                   Hex            #......      56%         1    ##.....
 Lee's Rapid Deconstruct  Erth           #.........   100%        5    ######.
 Sandblast                Erth           #.....       56%         1    ##.....
 Simulacrum               Ice/Necr       #.........   100%        6    #######
 Petrify                  Tmut/Erth      #.......     100%        4    #####..
 Inner Flame              Hex/Fire       #.......     90%         3    ####...
 Beastly Appendage        Tmut           #.....       56%         1    ##.....
 Fulminant Prism          Conj/Hex       #.........   100%        4    #####..
 Dazzling Spray           Conj/Hex       #.....       90%         3    ####...
 Force Lance              Conj/Tloc      #.......     100%        4    #####..
 Searing Ray              Conj           #.....       71%         2    ###....
 Summon Lightning Spire   Summ/Air       #.......     100%        4    #####..
 Summon Guardian Golem    Hex/Summ       #.......     90%         3    ####...
 Borgnjor's Vile Clutch   Necr/Erth      #.........   100%        5    ######.


Dungeon Overview and Level Annotations

Branches:
Dungeon (15/15)            Temple (0/1) D:5            Lair (6/6) D:9
 Shoals (1/4) Lair:2       Spider (0/4) Lair:2        Slime (0/5) Lair:6
    Orc (2/2) D:11            Elf (1/3) Orc:2        Vaults (0/5) D:13
 Depths (1/5) D:15

Altars:
Fedhas
Kikubaaqudgha
Makhleb
Ru
Sif Muna
Vehumet
Xom
Zin
The Shining One
Beogh
Jiyva
Lugonu

Shops:
D:15 ?   Orc:2 :[*}

Portals:
Hell: Depths:1
Abyss: Depths:1

Annotations:
D:15 SushiGirl's ghost, journeyman DECj


Innate Abilities, Weirdness & Mutations

You are too large for most types of armour.
You have claws for hands.
Your metabolism is lightning-fast.
You like to eat raw meat.
Your natural rate of healing is unusually fast.
You are covered in fur. (AC +1)
You have very tough skin. (AC +2)
You are somewhat resistant to further mutation.
Your system is resistant to poisons. (rPois)


Message History

The wizard hits you but does no damage.
The deep troll shaman barely misses you.
The deep troll shaman claws you but does no damage.
The deep troll shaman claws you.
* * * LOW HITPOINT WARNING * * *
The deep troll shaman bites you.
* * * LOW HITPOINT WARNING * * *
The deep troll shaman claws you but does no damage.
The deep troll shaman claws you.
* * * LOW HITPOINT WARNING * * *
The wizard hits you but does no damage. The deep troll completely misses you.
The deep troll claws you.
* * * LOW HITPOINT WARNING * * *
The deep troll claws you!
* * * LOW HITPOINT WARNING * * *
The deep troll shaman bites you.
* * * LOW HITPOINT WARNING * * *
The deep troll shaman claws you.
You die...
Kikubaaqudgha rasps: "You have failed me!
Welcome... death!"

#...≈..#... ..#..
###
#...≈..#........#
#....≈.....#
#....≈≈≈≈..#
#..........#
#.........#
#.........#
###TTp#...O ....
#.T@# ### ....
#..%# .$# ....
#...## Cp.# ....
#....##cC .>..
##...### ....
#....### .....
##.....#### #.....
##.......####.....
##......'.##.....


You could see 2 deep trolls, a deep troll shaman and a wizard.

Vanquished Creatures
  Saint Roka (Orc:2)
  A tengu reaver (Depths:1)
  A frost giant (IceCv)
  A ghost moth (Lair:5)
  A deep elf elementalist (Orc:2)
  A very ugly thing (D:12)
  2 stone giants (Depths:1)
  A vampire knight (Depths:1)
  4 dire elephants (Lair:6)
  The ghost of Oakleaf the Severer, a journeyman MiBe of Trog (D:12)
  Azrael (D:14)
  A merfolk impaler (Depths:1)
  An ettin (Lair:2)
  A fire dragon (Lair:3)
  Josephine (Lair:4)
  A yaktaur captain (D:15)
  Fannar (D:10)
  6 hydras
  5 vault guards (D:13)
  A death knight (D:11)
  An anaconda (Lair:6)
  16 two-headed ogres
  A dancing weapon (Orc:2)
  4 ogre magi
  A centaur warrior (D:15)
  A tengu warrior (D:15)
  2 deep troll earth magi
  11 death yaks
  2 orc high priests
  Sonja (Lair:2)
  Urug (Lair:5)
  Nergalle (Lair:3)
  4 deep elf knights
  A skeletal warrior (D:11)
  2 wretched stars (Abyss:2)
  A death drake (Abyss:2)
  An unseen horror (D:13)
  2 flayed ghosts
  A shadow wraith (Abyss:2)
  6 deep trolls
  2 glowing orange brains
  2 wizards
  A necromancer (Depths:1)
  2 orc knights
  17 ugly things
  2 manticores
  A lindwurm (Lair:3)
  A wolf spider zombie (D:14)
  5 deep elf magi
  A frost giant zombie (Depths:1)
  A salamander (shapeshifter) (D:12)
  4 cyclopes
  4 elephants (Lair:6)
  2 guardian serpents (shapeshifter)
  An ice statue (IceCv)
  13 spiny frogs
  5 black mambas
  2 gargoyles
  An elf zombie (Depths:1)
  5 rime drakes
  A hellion (Abyss:2)
  9 komodo dragons
  A freezing wraith (D:14)
  4 tengu conjurers
  8 yaktaurs
  2 red devils (Abyss:2)
  2 ancient zymes (Abyss:2)
  18 polar bears
  11 trolls
  5 large abominations
  4 hornets
  A queen bee (D:9)
  8 slime creatures
  14 hippogriffs
  An ettin zombie (Abyss:2)
  A raiju (Abyss:2)
  12 dream sheep
  21 blink frogs
  Sigmund (D:3)
  A shadow (D:12)
  10 wraiths
  A ynoxinul (Abyss:2)
  A wyvern (Lair:6)
  7 water elementals
  Eustachio (D:4)
  A human (D:13)
  A human (shapeshifter) (D:15)
  46 yaks
  6 basilisks
  2 hungry ghosts
  3 neqoxecs
  4 steam dragons
  2 fire elementals (D:14)
  A yaktaur simulacrum (Depths:1)
  4 vampire mosquitoes (D:15)
  4 wargs
  An acid dragon (D:13)
  An insubstantial wisp (Abyss:2)
  10 water moccasins
  A soldier ant (D:14)
  4 hell hounds (D:14)
  14 porcupines
  3 ice beasts
  A sky beast (shapeshifter) (D:12)
  A black bear (shapeshifter) (D:12)
  An eye of draining (D:11)
  25 orc warriors
  2 sky beasts
  3 black bears (D:9)
  A necrophage (D:11)
  A tengu (shapeshifter) (D:15)
  26 ogres
  A phantom (D:11)
  2 centaurs
  20 wolves
  15 crocodiles
  A crocodile (shapeshifter) (D:12)
  6 big kobolds
  A big kobold (shapeshifter) (D:12)
  8 bullfrogs
  A yaktaur skeleton (Depths:1)
  7 small abominations (Abyss:2)
  2 wyvern skeletons
  6 scorpions
  17 killer bees
  3 electric eels (Lair:2)
  5 howler monkeys
  2 bullfrog zombies
  8 crimson imps
  4 starcursed masses
  5 centaur zombies
  21 orc priests
  2 hounds
  4 jellies
  Crazy Yiuf (D:3)
  A bullfrog skeleton (D:11)
  4 centaur skeletons
  16 orc wizards
  6 iguanas
  Jessica (D:3)
  15 worker ants
  A worker ant (shapeshifter) (D:12)
  A statue (D:9)
  3 hound skeletons
  A worker ant zombie (D:11)
  Robin (D:2)
  15 adders
  6 river rats (Sewer)
  7 shadow imps
  An ufetubus (Abyss:2)
  An adder skeleton (D:6)
  3 worms
  3 dart slugs
  5 leopard geckos
  94 orcs
  7 ball pythons
  6 giant cockroaches
  11 goblins
  11 hobgoblins
  13 jackals
  30 kobolds
  5 quokkas
  8 bats
  7 frilled lizards
  2 giant cockroach zombies (D:5)
  2 jackal skeletons
  2 leopard gecko skeletons (D:4)
  27 rats
  A fungus (Lair:5)
  2 plants (Lair:6)
940 creatures vanquished.

Vanquished Creatures (others)
  A stone giant (Depths:1)
  Nessos (D:15)
  A cyclops (D:15)
  2 yaktaurs
  3 wolves (IceCv)
  An orc (Orc:2)
  A kobold (D:10)
  13 fungi
  19 plants
  2 starspawn tentacles (Abyss:2)
44 creatures vanquished.

Grand Total: 984 creatures vanquished

Notes
Turn   | Place    | Note
-------+----------+-------------------------------------------
     0 | D:1      | Lexodia the Troll Fighter began the quest for the Orb.
     0 | D:1      | Reached XP level 1. HP: 22/22 MP: 0/0
   132 | D:1      | Reached XP level 2. HP: 29/29 MP: 1/1
   472 | D:1      | Reached XP level 3. HP: 36/36 MP: 2/2
  1014 | D:2      | Found a faded altar of an unknown god.
  1030 | D:2      | Became a worshipper of Kikubaaqudgha
  1030 | D:2      | Reached * piety under Kikubaaqudgha
  1030 | D:2      | Identified Kikubaaqudgha's Guide on Evil Rituals (Kikubaaqudgha gifted it to you on level 2 of the Dungeon)
  1030 | D:2      | Received a gift from Kikubaaqudgha
  1248 | D:2      | Noticed Robin
  1260 | D:2      | Killed Robin
  1260 | D:2      | Reached skill level 3 in Unarmed Combat
  1260 | D:2      | Reached XP level 4. HP: 32/44 MP: 3/3
  1600 | D:3      | Noticed Sigmund
  1600 | D:3      | Noticed Jessica
  1604 | D:3      | Found a burning altar of Makhleb.
  1610 | D:3      | Killed Sigmund
  1610 | D:3      | Reached skill level 4 in Unarmed Combat
  1610 | D:3      | Reached XP level 5. HP: 33/53 MP: 4/4
  1612 | D:3      | Killed Jessica
  1612 | D:3      | Reached XP level 6. HP: 37/61 MP: 5/5
  1633 | D:3      | Reached ** piety under Kikubaaqudgha
  1654 | D:3      | Found a glowing silver altar of Zin.
  1914 | D:3      | Found a runed door.
  2384 | D:3      | Noticed Crazy Yiuf
  2388 | D:3      | Huge Dmg: 23 dmg
  2391 | D:3      | Killed Crazy Yiuf
  2398 | D:3      | Huge Dmg: 16 dmg
  2681 | D:4      | Noticed Eustachio
  2708 | D:4      | Killed Eustachio
  2708 | D:4      | Reached skill level 5 in Unarmed Combat
  2708 | D:4      | Reached XP level 7. HP: 25/67 MP: 6/6
  2867 | D:4      | Found an ancient bone altar of Kikubaaqudgha.
  2943 | D:4      | Found a glowing drain.
  2947 | Sewer    | Entered a sewer
  3080 | Sewer    | Reached skill level 6 in Unarmed Combat
  3143 | Sewer    | Reached *** piety under Kikubaaqudgha
  3143 | Sewer    | Identified Kikubaaqudgha's Compendium of Necromancy (Kikubaaqudgha gifted it to you in a sewer)
  3143 | Sewer    | Received a gift from Kikubaaqudgha
  3353 | Sewer    | Reached skill level 7 in Unarmed Combat
  3357 | Sewer    | Reached XP level 8. HP: 68/75 MP: 7/7
  3696 | D:4      | Huge Dmg: 37 dmg
  3712 | D:5      | Entered Level 5 of the Dungeon
  3734 | D:5      | Found a staircase to the Ecumenical Temple.
  3780 | D:5      | Reached **** piety under Kikubaaqudgha
  3972 | D:5      | Reached skill level 5 in Shields
  4384 | D:5      | Found a blossoming altar of Fedhas.
  4407 | D:5      | Huge Dmg: 24 dmg
  4407 | D:5      | Reached skill level 8 in Unarmed Combat
  4629 | D:5      | Found a deep blue altar of Sif Muna.
  5120 | D:6      | Found a glowing golden altar of the Shining One.
  5130 | D:6      | Found a sacrificial altar of Ru.
  5697 | D:7      | Reached skill level 9 in Unarmed Combat
  5779 | D:7      | Found a shimmering altar of Xom.
  6089 | D:8      | Paralysed by fainting for 6 turns
  6145 | D:8      | Reached XP level 9. HP: 78/83 MP: 8/8
  6192 | D:8      | Gained mutation: Your system is resistant to poisons. (rPois) [potion of mutation]
  6192 | D:8      | Gained mutation: You are somewhat resistant to further mutation. [potion of mutation]
  6193 | D:8      | Huge Dmg: 12 dmg
  6215 | D:8      | Huge Dmg: 10 dmg
  6223 | D:8      | Huge Dmg: 3 dmg
  6225 | D:8      | Reached ***** piety under Kikubaaqudgha
  6284 | D:8      | Reached skill level 10 in Unarmed Combat
  6478 | D:8      | Noticed a two-headed ogre
  6483 | D:8      | Huge Dmg: 28 dmg
  6484 | D:8      | Huge Dmg: 15 dmg
  6486 | D:8      | Huge Dmg: 30 dmg
  6486 | D:8      | HP: 3/83 [two-headed ogre/giant club (9)]
  6487 | D:8      | Huge Dmg: 8 dmg
  6515 | D:8      | Huge Dmg: 10 dmg
  6517 | D:8      | Killed a two-headed ogre
  6736 | D:9      | Reached skill level 11 in Unarmed Combat
  6746 | D:9      | Reached XP level 10. HP: 85/91 MP: 9/9
  6771 | D:9      | Found a staircase to the Lair.
  6807 | D:9      | Huge Dmg: 40 dmg
  6816 | D:9      | Huge Dmg: 11 dmg
  6887 | D:9      | Found a radiant altar of Vehumet.
  6940 | D:9      | Noticed a two-headed ogre
  6947 | D:9      | Killed a two-headed ogre
  6947 | D:9      | Reached skill level 12 in Unarmed Combat
  7511 | Lair:1   | Entered Level 1 of the Lair of Beasts
  7600 | Lair:1   | Huge Dmg: 21 dmg
  7601 | Lair:1   | Huge Dmg: 15 dmg
  7602 | Lair:1   | Huge Dmg: 13 dmg
  7603 | Lair:1   | Huge Dmg: 10 dmg
  7605 | Lair:1   | Huge Dmg: 8 dmg
  7609 | Lair:1   | Huge Dmg: 12 dmg
  7714 | Lair:1   | Noticed a six-headed hydra
  7720 | Lair:1   | Killed a seven-headed hydra
  7720 | Lair:1   | Reached skill level 13 in Unarmed Combat
  7720 | Lair:1   | Reached XP level 11. HP: 97/97 MP: 10/10
  7735 | Lair:1   | Huge Dmg: 32 dmg
  7869 | Lair:1   | Huge Dmg: 52 dmg
  8427 | Lair:2   | Noticed a five-headed hydra
  8428 | Lair:2   | Noticed an eight-headed hydra
  8439 | Lair:2   | Noticed an ettin
  8439 | Lair:2   | a five-headed hydra changed into an ettin
  8442 | Lair:2   | Huge Dmg: 53 dmg
  8446 | Lair:2   | Killed an ettin
  8476 | Lair:2   | Identified a scroll of acquirement
  8517 | Lair:2   | Huge Dmg: 25 dmg
  8518 | Lair:2   | Huge Dmg: 19 dmg
  8684 | Lair:2   | Reached skill level 14 in Unarmed Combat
  8808 | Lair:2   | Found a dark tunnel.
  8861 | Lair:2   | Noticed Sonja
  8872 | Lair:2   | Cast into level 2 of the Abyss (Sonja)
  8916 | Abyss:2  | Huge Dmg: 26 dmg
  8998 | Abyss:2  | Noticed a tentacled starspawn
  9005 | Abyss:2  | Noticed a starcursed mass
  9006 | Abyss:2  | Huge Dmg: 37 dmg
  9012 | Abyss:2  | Huge Dmg: 10 dmg
  9013 | Abyss:2  | Huge Dmg: 9 dmg
  9017 | Abyss:2  | Huge Dmg: 11 dmg
  9043 | Abyss:2  | Noticed a wretched star
  9061 | Abyss:2  | Killed a wretched star
  9130 | Abyss:2  | Noticed a balrug
  9223 | Abyss:2  | Found a corrupted altar of Lugonu.
  9223 | Abyss:2  | Noticed a death drake
  9231 | Abyss:2  | Killed a death drake
  9231 | Abyss:2  | Reached skill level 15 in Unarmed Combat
  9334 | Abyss:2  | Huge Dmg: 23 dmg
  9345 | Abyss:2  | Reached XP level 12. HP: 92/107 MP: 11/11
  9392 | Abyss:2  | Upgraded the game from 0.22-a0-824-g1ca9aab89c to 0.22-a0-833-g8522bf8125
  9452 | Abyss:2  | Huge Dmg: 20 dmg
  9455 | Abyss:2  | Huge Dmg: 13 dmg
  9456 | Abyss:2  | Huge Dmg: 15 dmg
  9470 | Abyss:2  | Huge Dmg: 10 dmg
  9508 | Abyss:2  | Huge Dmg: 22 dmg
  9528 | Abyss:2  | Huge Dmg: 20 dmg
  9586 | Abyss:3  | Noticed a starcursed mass
  9602 | Abyss:3  | Paralysed by accursed screaming for 1 turns
  9605 | Abyss:3  | Huge Dmg: 16 dmg
  9610 | Abyss:3  | Paralysed by accursed screaming for 2 turns
  9612 | Abyss:3  | Huge Dmg: 29 dmg
  9613 | Lair:2   | Escaped the Abyss
  9614 | Lair:2   | Huge Dmg: 14 dmg
  9617 | Lair:2   | Huge Dmg: 8 dmg
  9619 | Lair:2   | Found a hole to the Spider Nest.
  9635 | Lair:2   | Huge Dmg: 12 dmg
  9790 | Lair:2   | Killed an eight-headed hydra
  9790 | Lair:2   | Reached skill level 5 in Dodging
  9829 | Lair:2   | Huge Dmg: 19 dmg
 10018 | Lair:2   | Found a staircase to the Shoals.
 10329 | Shoals:1 | Entered Level 1 of the Shoals
 10390 | Lair:2   | Huge Dmg: 23 dmg
 10390 | Lair:2   | Killed Sonja
 10741 | Lair:3   | Reached skill level 5 in Fighting
 10741 | Lair:3   | Reached skill level 16 in Unarmed Combat
 10850 | Lair:3   | Noticed a seven-headed hydra
 10862 | Lair:3   | Huge Dmg: 12 dmg
 10862 | Lair:3   | Noticed a fire dragon
 10862 | Lair:3   | a seven-headed hydra changed into a fire dragon
 10869 | Lair:3   | Huge Dmg: 26 dmg
 10869 | Lair:3   | Killed a fire dragon
 11163 | Lair:3   | Huge Dmg: 28 dmg
 11176 | Lair:3   | Noticed Nergalle
 11182 | Lair:3   | Huge Dmg: 36 dmg
 11184 | Lair:3   | Killed Nergalle
 11189 | Lair:3   | Huge Dmg: 16 dmg
 11192 | Lair:3   | Huge Dmg: 10 dmg
 11194 | Lair:3   | Huge Dmg: 11 dmg
 11217 | Lair:3   | Huge Dmg: 11 dmg
 11422 | Lair:3   | Noticed a seven-headed hydra
 11426 | Lair:3   | Killed a seven-headed hydra
 11426 | Lair:3   | Reached XP level 13. HP: 120/120 MP: 12/12
 11432 | Lair:3   | Reached ****** piety under Kikubaaqudgha
 11969 | Lair:4   | Noticed Josephine
 12013 | Lair:4   | Huge Dmg: 26 dmg
 12015 | Lair:4   | Huge Dmg: 21 dmg
 12480 | Lair:5   | Noticed Urug
 12491 | Lair:5   | Killed Urug
 12503 | Lair:5   | Huge Dmg: 17 dmg
 12511 | Lair:5   | Killed a ghost moth
 12511 | Lair:5   | Reached skill level 17 in Unarmed Combat
 12858 | Lair:4   | Huge Dmg: 21 dmg
 12862 | Lair:4   | Huge Dmg: 19 dmg
 12862 | Lair:4   | Killed Josephine
 13066 | Lair:4   | Found a burning altar of Makhleb.
 13359 | Lair:6   | Entered Level 6 of the Lair of Beasts
 13636 | Lair:6   | Found a staircase to the Slime Pits.
 13637 | Lair:6   | Found a viscous altar of Jiyva.
 13658 | Lair:6   | Huge Dmg: 29 dmg
 13663 | Lair:6   | Huge Dmg: 22 dmg
 13684 | Lair:5   | Huge Dmg: 27 dmg
 13686 | Lair:5   | Huge Dmg: 18 dmg
 13689 | Lair:5   | Huge Dmg: 6 dmg
 13943 | Lair:6   | Reached XP level 14. HP: 65/133 MP: 13/13
 13945 | Lair:6   | Huge Dmg: 16 dmg
 13962 | Lair:6   | Reached skill level 18 in Unarmed Combat
 13967 | Lair:6   | Huge Dmg: 17 dmg
 14139 | Lair:6   | Huge Dmg: 27 dmg
 14142 | Lair:6   | Huge Dmg: 17 dmg
 14729 | Lair:6   | Huge Dmg: 26 dmg
 14734 | Lair:6   | Huge Dmg: 29 dmg
 14756 | Lair:6   | Identified the Grimoire of Feathery Stolen Souls
 14832 | Lair:6   | Huge Dmg: 18 dmg
 15091 | D:10     | Entered Level 10 of the Dungeon
 15349 | D:10     | Found a glowing golden altar of the Shining One.
 15357 | D:10     | Noticed Fannar
 15363 | D:10     | Killed Fannar
 15390 | D:10     | Found a roughly hewn altar of Beogh.
 15867 | D:11     | Found a deep blue altar of Sif Muna.
 15912 | D:11     | Found a staircase to the Orcish Mines.
 15933 | D:11     | Found a roughly hewn altar of Beogh.
 16561 | Orc:1    | Entered Level 1 of the Orcish Mines
 17022 | Orc:2    | Entered Level 2 of the Orcish Mines
 17026 | Orc:2    | Found a staircase to the Elven Halls.
 17241 | Orc:2    | Noticed Saint Roka
 17269 | Orc:2    | Killed Saint Roka
 17269 | Orc:2    | Reached skill level 19 in Unarmed Combat
 17297 | Orc:2    | Huge Dmg: 35 dmg
 17301 | Orc:2    | Huge Dmg: 14 dmg
 17312 | Orc:2    | Reached XP level 15. HP: 59/146 MP: 10/14
 17384 | Orc:2    | Huge Dmg: 36 dmg
 17386 | Orc:2    | Huge Dmg: 12 dmg
 17702 | Orc:2    | Found Jityir's Antique Armour Shop.
 17703 | Orc:2    | Found Xakheuw's Gadget Boutique.
 17708 | Orc:2    | Found Sagh's Book Shoppe.
 17717 | Orc:2    | Found Kolerphir's Assorted Antiques.
 17832 | Orc:2    | Bought brightly glowing acid dragon scales for 1080 gold pieces
 17832 | Orc:2    | Bought the +1 cloak of Starlight {rElec rC+ EV+4 Stlth--} for 1068 gold pieces
 17832 | Orc:2    | Found the +1 cloak of Starlight {rElec rC+ EV+4 Stlth--}
 17842 | Orc:2    | Identified the cursed +0 acid dragon scales of Xaen {rCorr Slay+3 SInv} (You bought it in a shop on level 2 of the Orcish Mines)
 17916 | Elf:1    | Entered Level 1 of the Elven Halls
 17950 | Elf:1    | Huge Dmg: 28 dmg
 17954 | Orc:2    | Huge Dmg: 15 dmg
 17957 | Orc:2    | Huge Dmg: 13 dmg
 18118 | Orc:2    | Huge Dmg: 36 dmg
 18399 | D:12     | Found a runed gate.
 18399 | D:12     | Found a runed gate.
 18399 | D:12     | Found a runed gate.
 18986 | D:12     | Reached skill level 10 in Dodging
 18996 | D:12     | Found a runed gate.
 18996 | D:12     | Found a runed gate.
 19006 | D:12     | Found a runed gate.
 19011 | D:12     | Noticed Oakleaf's ghost (journeyman MiBe)
 19033 | D:12     | Killed Oakleaf's ghost
 19161 | D:13     | Reached skill level 20 in Unarmed Combat
 19232 | D:13     | Reached skill level 10 in Fighting
 19429 | D:13     | Huge Dmg: 39 dmg
 19885 | D:13     | Found a gate to the Vaults.
 19954 | D:14     | Reached XP level 16. HP: 133/158 MP: 15/15
 20000 | D:14     | Noticed Azrael
 20015 | D:14     | Killed Azrael
 20048 | D:14     | Found a frozen archway.
 20087 | IceCv    | Entered an ice cave
 20945 | D:15     | Entered Level 15 of the Dungeon
 20952 | D:15     | Noticed Nessos
 20959 | D:15     | Killed Nessos
 21238 | D:15     | Found a runed gate.
 21238 | D:15     | Found a runed gate.
 21238 | D:15     | Noticed SushiGirl's ghost (journeyman DECj)
 21241 | D:15     | Found a runed gate.
 21243 | D:15     | Noticed a tengu reaver
 21469 | D:15     | Found Jezaluog's Magic Scroll Boutique.
 21477 | D:15     | Bought a scroll of fog for 30 gold pieces
 21477 | D:15     | Bought a scroll of magic mapping for 52 gold pieces
 21477 | D:15     | Bought a scroll of blinking for 112 gold pieces
 21515 | D:15     | Found a staircase to the Depths.
 21535 | Depths:1 | Entered Level 1 of the Depths
 22053 | D:15     | Huge Dmg: 28 dmg
 22205 | Depths:1 | Reached skill level 21 in Unarmed Combat
 22250 | Depths:1 | Found a gateway to Hell.
 22296 | Depths:1 | Noticed a tengu reaver
 22307 | Depths:1 | Killed a tengu reaver
 22381 | Depths:1 | Huge Dmg: 49 dmg
 22610 | Depths:1 | Found a corrupted altar of Lugonu.
 22612 | Depths:1 | Found a one-way gate to the infinite horrors of the Abyss.
 22664 | Depths:1 | Reached XP level 17. HP: 114/170 MP: 16/16
 22666 | Depths:1 | Huge Dmg: 23 dmg
 22669 | Depths:1 | Paralysed by a wizard for 5 turns
 22672 | Depths:1 | HP: 8/170 [deep troll (10)]
 22672 | Depths:1 | Slain by a deep troll shaman

Vault maps used:
D:1:      nzn_arrival_depleted_hourglass
D:2:      first_ration, chequers_ecumenical_altar_lobes, uniq_robin
D:3:      nicolae_overflow_crystal_walls, nicolae_overflow_hidden_temple,
          grunt_ministairs_8, dk_noncrumbling_2, uniq_crazy_yiuf_cottage,
          uniq_jessica, uniq_sigmund
D:4:      lemuel_crystal_altar, gup_sewer_entry_spiral,
          nicolae_underground_beach, uniq_eustachio
D:5:      kennysheep_mini_moat, kennysheep_mini, temple_statues
D:6:      amethyst_overflow_temple_binary
D:7:      old_standard_altar
D:9:      vehumet_statue, minmay_lair_entry_grove, david_nohive_1
D:10:     special_room, minmay_misc_feat_rows, minmay_misc_feat_diagonals,
          tso_metal_star, uniq_fannar
D:11:     minmay_orc_entry_temple_large, led_sif_book
D:12:     ploomutoo_gammafunk_ghost_potion_laboratory,
          minmay_misc_feat_four_crosses
D:13:     grunt_vaults_entry_fortified
D:14:     portal_ice_cave_entry_animals_and_master, uniq_azrael
D:15:     grunt_enter_depths_snipers, palyth_stone_intersect,
          gammafunk_ghost_split, serial_shops, shop, uniq_nessos
Lair:1:   grunt_megastairs_4
Lair:2:   minmay_shoals_entry_hut, spider_nest_entry_web_field,
          nicolae_volcano_entry_s_turn, st_stairs_6, serial_bayou_pond_e,
          uniq_sonja
Lair:3:   cheibrodos_lair_overgrown_chateau, uniq_nergalle
Lair:4:   basic_altar, uniq_josephine
Lair:5:   serial_bayou_shore_b, lemuel_fruit_tree, grunt_megastairs_3, uniq_urug
Lair:6:   due_jungle_book, slime_altar_1, grunt_megastairs_1
Orc:2:    st_orc_open, uniq_saint_roka
Elf:1:    mu_enter_wizlab_5, minmay_elf_annihilation
Depths:1: hell_entry, abyss_entry_flame_altar, serial_bayou_shore_a,
          kennysheep_path_1, lightli_corner_chamber
Abyss:2:  evilmike_abyss_exit_7
Abyss:3:  evilmike_abyss_exit_kraken
Sewer:    sewer_minmay_treatment
IceCv:    ice_cave_caverns_02

Skill      XL: |  1  2  3  4  5  6  7  8  9 10 11 12 13 14 15 16 |
---------------+-------------------------------------------------+-----
Unarmed Combat | 3 4 5 7 9 11 13 15 16 17 19 20 21 | 21.2
Fighting       | 3 5 7 9 10 11 | 11.1
Dodging        | 3 4 6 7 9 10 11 | 11.3
Shields        | 3 4 5 7 8 9 |  9.9

Action                   |  1- 3 |  4- 6 |  7- 9 | 10-12 | 13-15 | 16-18 || total
-------------------------+-------+-------+-------+-------+-------+-------++-------
Melee: Unarmed           |   110 |    97 |   412 |   562 |  1333 |   479 ||  2993
Invok: Receive Corpses   |       |     1 |       |       |     1 |       ||     2
       Torment           |       |       |       |     1 |     1 |       ||     2
Evoke: Wand              |       |       |     4 |    21 |    31 |     4 ||    60
  Use: Potion            |       |     1 |    14 |     9 |    10 |       ||    34
       Scroll            |       |       |    17 |    11 |     5 |     7 ||    40
 Stab: Sleeping          |     1 |       |     2 |       |     1 |       ||     4
       Paralysed         |       |       |     3 |       |       |       ||     3
       Invisible         |       |       |     2 |     1 |    11 |       ||    14
  Eat: Chunk             |    17 |    14 |    39 |    48 |    77 |    25 ||   220
       Ration            |       |       |     1 |       |       |       ||     1
Armor: Robe              |    55 |    48 |   103 |       |       |       ||   206
       Steam dragon scal |       |       |     7 |   132 |   238 |       ||   377
       Skin              |       |       |       |    24 |       |       ||    24
       Acid dragon scale |       |       |       |       |    46 |    60 ||   106
Dodge: Dodged            |    50 |    37 |   162 |   145 |   446 |   205 ||  1045
Block: Shield            |    62 |    55 |   216 |   384 |   918 |   418 ||  2053
       Reflection        |       |       |       |       |       |    25 ||    25

Table legend:
 A = Spawn XP
 B = Non-spawn XP
 C = Spawn XP percentage of total XP
 D = Spawn monster count
 E = Non-spawn monster count
 F = Spawn count percentage of total count
 G = Total turns spent on level
                    A         B        C        D         E        F      G
               +---------+---------+-------+---------+---------+-------+---------
         Total |    5615 |  211218 |   2.6 |      18 |     925 |   1.9 | 22672
               +---------+---------+-------+---------+---------+-------+---------
           D:1 |       0 |      43 |   0.0 |       0 |      25 |   0.0 |   812
           D:2 |       0 |      85 |   0.0 |       0 |      31 |   0.0 |   886
           D:3 |       0 |     358 |   0.0 |       0 |      18 |   0.0 |   919
           D:4 |       0 |     433 |   0.0 |       0 |      20 |   0.0 |   675
           D:5 |       0 |     522 |   0.0 |       0 |      23 |   0.0 |  1179
           D:6 |       0 |     446 |   0.0 |       0 |      18 |   0.0 |   649
           D:7 |       0 |     317 |   0.0 |       0 |       6 |   0.0 |   398
           D:8 |       0 |    2104 |   0.0 |       0 |      20 |   0.0 |   645
           D:9 |       0 |    4564 |   0.0 |       0 |      58 |   0.0 |   864
          D:10 |       0 |    3238 |   0.0 |       0 |      46 |   0.0 |   655
          D:11 |       0 |    6478 |   0.0 |       0 |      64 |   0.0 |   850
          D:12 |       0 |   12378 |   0.0 |       0 |      34 |   0.0 |   940
          D:13 |       0 |   16109 |   0.0 |       0 |      40 |   0.0 |   827
          D:14 |       0 |   10980 |   0.0 |       0 |      35 |   0.0 |   497
          D:15 |       0 |   19548 |   0.0 |       0 |      50 |   0.0 |  1220
        Lair:1 |       0 |    3190 |   0.0 |       0 |      11 |   0.0 |   943
        Lair:2 |      44 |    6954 |   0.6 |       1 |      22 |   4.3 |  1254
        Lair:3 |       0 |   10102 |   0.0 |       0 |      28 |   0.0 |  1524
        Lair:4 |       0 |    5618 |   0.0 |       0 |      15 |   0.0 |   624
        Lair:5 |       0 |   11047 |   0.0 |       0 |      38 |   0.0 |  1140
        Lair:6 |       0 |   24820 |   0.0 |       0 |      58 |   0.0 |  1256
      Shoals:1 |       0 |     456 |   0.0 |       0 |       2 |   0.0 |    22
         Orc:1 |       0 |    3831 |   0.0 |       0 |      46 |   0.0 |   566
         Orc:2 |       0 |   28088 |   0.0 |       0 |      74 |   0.0 |   963
         Elf:1 |       0 |     785 |   0.0 |       0 |       1 |   0.0 |    49
      Depths:1 |       0 |   21608 |   0.0 |       0 |      30 |   0.0 |   507
       Abyss:2 |    4846 |    3577 |  57.5 |      15 |      13 |  53.6 |   663
       Abyss:3 |     725 |      88 |  89.2 |       2 |       2 |  50.0 |    78
         Sewer |       0 |     542 |   0.0 |       0 |      48 |   0.0 |   560
         IceCv |       0 |   12909 |   0.0 |       0 |      49 |   0.0 |   507
               +---------+---------+-------+---------+---------+-------+---------
